 Dungeon Crawl Stone Soup version 0.30-a0-626-gd6a5dd7a1f (webtiles) character file.

Game seed: 7821033462315632659

10701 acebull12 the Covert (level 11, -1/49 HPs)
             Began as a Spriggan Earth Elementalist on Jan 11, 2023.
             Was a High Priest of Sif Muna.
             Slain by a wolf (6 damage)
             ... on level 2 of the Lair of Beasts.
             The game lasted 00:33:22 (10891 turns).

acebull12 the Covert (Spriggan Earth Elementalist) Turns: 10891, Time: 00:33:22

Health: -1/49      AC:  3    Str:  4    XL:     11   Next: 39%
Magic:  25/25      EV: 19    Int: 25    God:    Sif Muna [*****.]
Gold:   563        SH:  0    Dex: 18    Spells: 20/28 levels left

rFire   . . .      SeeInvis +    I - +2 dagger (freeze)
rCold   . . .      Faith    .    (no shield)
rNeg    . . .      Spirit   .    a - +1 robe
rPois   .          Reflect  .    (helmet restricted)
rElec   .          Harm     .    (no cloak)
rCorr   .          Rampage  .    (gloves unavailable)
Will    +....                    (boots unavailable)
Stlth   +++++                    C - amulet of regeneration
HPRegen 1.08/turn                s - ring of flight
MPRegen 0.19/turn                J - +6 ring of intelligence

@: flying, mesmerised, very quick
A: very small, no large weapons, unfitting armour, see invisible, speed 3
a: Renounce Religion, Channel Magic, Forget Spell, Divine Exegesis


You were on level 2 of the Lair of Beasts.
You worshipped Sif Muna.
Sif Muna was extremely pleased with you.
You visited 3 branches of the dungeon, and saw 12 of its levels.

You collected 563 gold pieces.

Inventory:

Hand Weapons
 g - a +0 short sword
 I - a +2 dagger of freezing (weapon)
Missiles
 c - 10 poisoned darts
 l - 53 stones
Armour
 a - a +1 robe (worn)
Magical Staves
 q - a staff of earth
Jewellery
 s - a ring of flight (left hand)
 z - a ring of willpower
 C - an amulet of regeneration (around neck)
 J - a +6 ring of intelligence (right hand)
Wands
 B - a wand of light (10)
 H - a wand of polymorph (9)
 K - a wand of digging (5)
Scrolls
 d - 9 scrolls of identify
 f - 3 scrolls of immolation
 i - a scroll of brand weapon {unknown}
 j - 2 scrolls of amnesia
 k - 4 scrolls of enchant armour
 n - 2 scrolls of fog {unknown}
 o - 2 scrolls of summoning {unknown}
 p - 3 scrolls of vulnerability {unknown}
 t - a scroll of poison {unknown}
 w - 2 scrolls of fear {unknown}
 y - 4 scrolls of torment {unknown}
 D - a scroll of noise {unknown}
Potions
 b - 2 potions of magic
 e - 4 potions of curing
 h - 4 potions of might {unknown}
 m - 2 potions of mutation {unknown}
 r - a potion of lignification {unknown}
 u - 3 potions of heal wounds {unknown}
 v - 3 potions of haste {unknown}
 x - a potion of flight {unknown}
 A - a potion of resistance {unknown}
 E - a potion of attraction {unknown}
 F - 2 potions of berserk rage {unknown}
 G - a potion of degeneration {unknown}


   Skills:
 + Level 1.2 Fighting
 + Level 1.7 Short Blades
 + Level 0.6 Staves
 + Level 4.3 Dodging
 * Level 11.9 Stealth
 + Level 9.0 Spellcasting
 + Level 1.1 Conjurations
 * Level 9.1 Transmutations
 + Level 9.9 Earth Magic
 * Level 2.9 Invocations
 - Level 8.0 Evocations


You had 20 spell levels left.
You knew the following spells:

 Your Spells              Type           Power      Damage    Failure   Level
a - Sandblast             Erth           100%       2d20      1%          1
b - Petrify               Tmut/Erth      56%        N/A       1%          4
c - Stone Arrow           Conj/Erth      78%        3d11      1%          3

Your spell library contained the following spells:

 Spells                   Type           Power      Damage    Failure   Level
 Passwall                 Tmut/Erth      46%        N/A       1%          2
 Necrotise                Necr           44%        1d6       5%          1
 Summon Small Mammal      Summ           44%        N/A       5%          1
 Static Discharge         Conj/Air       28%        2-4/arc   6%          2
 Animate Armour           Summ/Erth      72%        N/A       7%          4
 Ice Form                 Ice/Tmut       34%        N/A       9%          4
 Call Canine Familiar     Summ           11%        N/A       16%         3
 Summon Guardian Golem    Hex/Summ       11%        N/A       16%         3
 Vhi's Electric Charge    Tloc/Air       22%        N/A       16%         3
 Irradiate                Conj/Tmut      18%        3d17      19%         5
 Sticky Flame             Conj/Fire      14%        2d4       38%         4
 Summon Ice Beast         Ice/Summ       11%        N/A       47%         4
 Arcjolt                  Conj/Air       7%         1d17      75%         5
 Lightning Bolt           Conj/Air       7%         1d19      75%         5
 Freezing Cloud           Conj/Ice/Air   6%         6-21      78%         5
 Summon Mana Viper        Hex/Summ       11%        N/A       83%         5
 Monstrous Menagerie      Summ           5%         N/A       100%        7
 Ozocubu's Refrigeration  Ice            5%         4d8       100%        7
 Lehudib's Crystal Spear  Conj/Erth      19%        10d6      100%        8
 Necromutation            Tmut/Necr      17%        N/A       100%        8


Dungeon Overview and Level Annotations

Branches:
Dungeon (9/15)             Temple (1/1) D:6            Lair (2/5) D:8
 Shoals (0/4) Lair:2
  Snake: Lair:2-3    Spider: Lair:2-3       Orc: D:9-12

Altars:
Ashenzari
Cheibriados
Dithmenos
Elyvilon
Fedhas
Gozag
Hepliaklqana
Kikubaaqudgha
Makhleb
Nemelex Xobeh
Okawaru
Qazlal
Ru
Sif Muna
Trog
Uskayaw
Vehumet
Wu Jian
Xom
Yredelemnul
Zin
The Shining One

Shops:
D:2 (*((   D:4 *   D:7 =


Innate Abilities, Weirdness & Mutations

You are very small and have problems with some larger weapons.
You are too small for most types of armour.
You have supernaturally acute eyesight. (SInv)
You cover ground extremely quickly. (Speed+++)


Message History

The merfolk siren chants its luring song.
The wolf attacks as you move away! The wolf completely misses you.
A yak comes into view.
Found a grey potion.
The wolf attacks as you move away! The wolf bites you.
* * * LOW HITPOINT WARNING * * *
The wolf attacks as you move away! The wolf barely misses you.
A yak comes into view.
The merfolk siren chants its luring song.
You cannot move away from the merfolk siren!
It was a potion of curing.
You feel better. The wolf bites you but does no damage. The wolf misses you.
The wolf barely misses you. The wolf bites you!
* * * LOW HITPOINT WARNING * * *
The merfolk siren chants its luring song.
You cannot move away from the merfolk siren!
You feel better. The wolf barely misses you.
The merfolk siren chants its luring song.
The bullfrog closely misses you. The wolf completely misses you. x2
The wolf closely misses you.
You feel better. The wolf closely misses you. The wolf misses you.
The bullfrog closely misses you. The wolf barely misses you.
The merfolk siren chants its luring song.
The merfolk hits you from afar with a +0 trident of venom!
* * * LOW HITPOINT WARNING * * *
You are poisoned.
You feel better. The wolf barely misses you. The wolf bites you!
* * * LOW HITPOINT WARNING * * *
The bullfrog hits you.
* * * LOW HITPOINT WARNING * * *
The wolf closely misses you. x2; The wolf bites you but does no damage.
The merfolk siren chants its luring song.
The bullfrog misses you.
The merfolk hits you from afar with a +0 trident of venom.
* * * LOW HITPOINT WARNING * * *
You cannot move away from the merfolk siren!
You hit the wolf but do no damage.
The wolf is heavily wounded.
The wolf misses you. The wolf bites you.
You die...

P...# ....## Y.... ....#
...Y. #...########.....
####..# #P#..#......
#.#...###.........##
#..^...#..........!#
##.........mFh.....#
###..........mh@.....#
#.#...........hh.#####
##..............###..
..............###..#>
............m.#...~~~
..............#.~~~ ##
...............~.###.#
.............#.###?.###
#.....................##


You could see 2 merfolk, a merfolk siren (mesmerising), 2 yaks, 4 wolves and a
bullfrog.

Vanquished Creatures
  2 two-headed ogres
  A cane toad (Lair:1)
  An unseen horror (D:7)
  A komodo dragon (Lair:1)
  14 blink frogs (Lair:1)
  Sigmund (D:4)
  A shadow (D:6)
  4 yaks (Lair:1)
  2 wyverns (Lair:1)
  A wraith (D:8)
  A basilisk (Lair:1)
  Menkaure (D:4)
  6 water moccasins
  4 black bears
  2 ice beasts
  3 orc warriors
  A sky beast (D:7)
  4 wolves
  An ogre (D:4)
  2 centaurs
  A phantom (D:7)
  7 bullfrogs
  A kobold brigand (D:7)
  2 necrophages (D:6)
  3 scorpions
  7 wights
  5 killer bees
  A jelly (D:8)
  3 howler monkeys
  5 hounds
  5 orc priests
  5 iguanas
  9 orc wizards
  4 gnolls (D:4)
  9 adders
  A shadow imp (D:6)
  3 white imps
  3 ufetubi
  2 dart slugs (D:1)
  2 worms
  29 orcs
  2 ball pythons
  13 endoplasms
  A giant cockroach (D:2)
  6 goblins
  3 hobgoblins
  6 quokkas
  3 bats
  4 frilled lizards
  11 kobolds
  8 rats
  A spectral kobold (D:2)
218 creatures vanquished.

Vanquished Creatures (others)
  17 fungi
  10 plants
27 creatures vanquished.

Grand Total: 245 creatures vanquished

Notes
Turn   | Place    | Note
-------+----------+-------------------------------------------
     0 | D:1      | acebull12 the Spriggan Earth Elementalist began the quest
                  | for the Orb.
     0 | D:1      | Reached XP level 1. HP: 9/9 MP: 5/5
   319 | D:1      | Reached XP level 2. HP: 13/13 MP: 2/6
  1052 | D:2      | Found Catagad's Weapon Shop.
  1193 | D:2      | Found Koestrae's Antique Weapon Emporium.
  1281 | D:2      | Found Qownuiw's Assorted Antiques.
  1310 | D:2      | Reached XP level 3. HP: 16/16 MP: 8/8
  1335 | D:2      | Found Elangog's Antique Weapon Shop.
  1392 | D:2      | Got the Grimoire of the Grave and Chilblains
  1467 | D:2      | Found a faded altar of an unknown god.
  1476 | D:2      | Prayed at the altar of an unknown god.
  1476 | D:2      | Became a worshipper of Sif Muna the Loreminder
  1476 | D:2      | Reached * piety under Sif Muna
  2107 | D:3      | Reached XP level 4. HP: 18/21 MP: 3/11
  2238 | D:3      | Reached skill level 4 in Stealth
  2409 | D:3      | Found a sacrificial altar of Ru.
  2571 | D:3      | Reached skill level 1 in Evocations
  2700 | D:3      | Reached XP level 5. HP: 12/24 MP: 8/12
  3019 | D:4      | Found Tets's General Store.
  3023 | D:4      | Reached ** piety under Sif Muna
  3123 | D:4      | Found a sparkling altar of Nemelex Xobeh.
  3143 | D:4      | Noticed an ogre
  3153 | D:4      | Killed an ogre
  3154 | D:4      | Reached skill level 5 in Spellcasting
  3154 | D:4      | Reached XP level 6. HP: 28/28 MP: 11/14
  3296 | D:4      | Learned a level 4 spell: Petrify
  3342 | D:4      | Noticed Sigmund
  3368 | D:4      | Killed Sigmund
  3369 | D:4      | Reached skill level 5 in Stealth
  3517 | D:4      | Reached XP level 7. HP: 31/32 MP: 11/16
  3587 | D:4      | Noticed Menkaure
  3592 | D:4      | Killed Menkaure
  3593 | D:4      | Reached skill level 5 in Earth Magic
  3760 | D:4      | Found a hide-covered altar of Uskayaw.
  3760 | D:4      | Found a glowing silver altar of Zin.
  3761 | D:4      | Found a bloodstained altar of Trog.
  4144 | D:5      | Entered Level 5 of the Dungeon
  4903 | D:5      | Reached skill level 6 in Stealth
  5094 | D:6      | Reached XP level 8. HP: 36/36 MP: 14/18
  5207 | D:6      | Found a staircase to the Ecumenical Temple.
  5315 | Temple   | Entered the Ecumenical Temple
  5529 | D:6      | Found a shadowy altar of Dithmenos.
  5691 | D:6      | Learned a level 3 spell: Stone Arrow
  5969 | D:6      | Noticed a two-headed ogre
  5976 | D:6      | Reached *** piety under Sif Muna
  6040 | D:6      | Killed a two-headed ogre
  6041 | D:6      | Reached XP level 9. HP: 40/40 MP: 12/19
  6677 | D:7      | Noticed an unseen horror
  6694 | D:7      | Killed an unseen horror
  6695 | D:7      | Reached skill level 7 in Stealth
  6695 | D:7      | Reached skill level 5 in Evocations
  6790 | D:7      | Reached skill level 5 in Transmutations
  6946 | D:7      | Found Xuruigh's Jewellery Shoppe.
  6986 | D:7      | Reached skill level 8 in Stealth
  7852 | D:8      | Noticed a two-headed ogre
  7892 | D:8      | Killed a two-headed ogre
  7893 | D:8      | Reached skill level 1 in Fighting
  7893 | D:8      | Reached skill level 9 in Stealth
  7893 | D:8      | Reached XP level 10. HP: 45/45 MP: 16/20
  8132 | D:8      | Reached skill level 10 in Stealth
  8197 | D:8      | Reached **** piety under Sif Muna
  8935 | D:8      | Found a staircase to the Lair.
  9412 | Lair:1   | Entered Level 1 of the Lair of Beasts
  9511 | Lair:1   | Reached skill level 1 in Invocations
  9540 | Lair:1   | Reached skill level 11 in Stealth
  9624 | Lair:1   | Reached skill level 1 in Short Blades
  9751 | Lair:1   | Reached XP level 11. HP: 49/49 MP: 4/24
 10179 | Lair:1   | Reached ***** piety under Sif Muna
 10349 | Lair:1   | Reached skill level 1 in Conjurations
 10434 | Lair:1   | Received a gift from Sif Muna
 10443 | Lair:1   | Got Sif Muna's Atlas of Conflict {god gift}
 10859 | Lair:2   | Found a staircase to the Shoals.
 10891 | Lair:2   | Slain by a wolf

Illustrated notes

Levels and vault maps discovered:
D:1:      minmay_arrival_arboretum_small, layout_basic
D:2:      layout_loops_cross, serial_shops, nicolae_shop_behind_doors, shop,
          nicolae_shop_crystal, nicolae_shop_trees,
          dreamdust_ecumenical_altar_drowned_temple
D:3:      layout_rooms, nicolae_ru_great_annihilating_truth,
          hangedman_decor_lopped, hex_large, kennysheep_generic_room_13
D:4:      layout_loops_ring, nemelex_xobeh_ov_fountains_minmay,
          gammafunk_temple_overflow_forgotten, serial_shops, shop,
          kennysheep_donut, cheibrodos_gnoll_hut, uniq_menkaure, uniq_sigmund
D:5:      layout_basic, minmay_misc_feat_secret_circle
D:6:      layout_basic, mainiacjoe_overflow_cross_hatched, temple_statues
D:7:      layout_loops_corners, serial_shops, nicolae_shop_statue_plus,
          minmay_checkerbox
D:8:      cheibrodos_helix_gallery, layout_basic,
          grunt_lair_entry_orc_guard_hut, lemuel_flamethrower_1
D:9:      layout_loops_ring, serial_shops, shop_coins
Temple:   nicolae_temple_slightly_damp_pantheon
Lair:1:   layout_cave_pods, infiniplex_staircase_pool_2, serial_bayou_shore_b
Lair:2:   layout_cave_shapes, elwin_shoals_entry_stream, lemuel_fruit_tree,
          lemuel_fruit_fields

Skill      XL: |  1  2  3  4  5  6  7  8  9 10 11 |
---------------+----------------------------------+-----
Earth Magic    | 3 4 5 8 9 |  9.9
Spellcasting   | 3 4 5 6 8 9 |  9.0
Stealth        | 4 5 6 9 11 | 11.9
Dodging        | 3 4 |  4.3
Evocations     | 1 2 3 4 7 8 |  8.0
Transmutations | 3 4 6 7 9 |  9.1
Fighting       | 1 |  1.2
Invocations    | 2 |  2.9
Short Blades   | 1 |  1.7
Conjurations   | 1 |  1.1
Staves         | |  0.6

Action                   |  1- 3 |  4- 6 |  7- 9 | 10-12 || total
-------------------------+-------+-------+-------+-------++-------
Melee: Unarmed           |     3 |       |       |       ||     3
       Short sword       |     6 |     7 |    86 |    12 ||   111
       Punch             |     1 |       |     1 |       ||     2
       Staff             |       |       |       |    24 ||    24
       Dagger            |       |       |       |    12 ||    12
 Cast: Sandblast         |    61 |    62 |   152 |   154 ||   429
       Stone Arrow       |       |       |     3 |     1 ||     4
       Petrify           |       |       |       |    12 ||    12
  Use: Potion            |       |       |       |     4 ||     4
       Scroll            |       |       |       |     3 ||     3
 Stab: Sleeping          |       |     1 |       |       ||     1
       Petrified         |       |       |       |    39 ||    39
Armor: Robe              |       |     1 |     3 |     6 ||    10
Dodge: Dodged            |    23 |    25 |    35 |   119 ||   202

Table legend: (Time is in decaauts)
 A = Elapsed time spent in this place.
 B = Non-inter-level travel time spent in this place.
 C = Inter-level travel time spent in this place.
 D = Time resting spent in this place.
 E = Time spent auto-exploring this place.
 F = Levels seen in this place.
 G = Mean time per level.
                   A        B        C        D        E       F      G
               +--------+--------+--------+--------+--------+-----+--------+
         Total |   8023 |   7506 |    517 |    345 |   5292 |  12 |  668.6 |
       Dungeon |   6796 |   6299 |    497 |    333 |   4417 |   9 |  755.1 |
        Temple |    120 |    110 |     10 |      0 |     98 |   1 |  120.0 |
          Lair |   1106 |   1097 |      9 |     12 |    777 |   2 |  553.0 |
               +--------+--------+--------+--------+--------+-----+--------+

Top non-repeatable levels by time:
     D:7: 1105 daAuts
  Lair:1: 1078 daAuts
     D:6: 1026 daAuts
     D:4: 918 daAuts
     D:8: 915 daAuts
     D:3: 809 daAuts
     D:1: 704 daAuts
     D:2: 703 daAuts
     D:5: 565 daAuts
  Temple: 120 daAuts
     D:9: 48 daAuts
  Lair:2: 28 daAuts
